 Dungeon Crawl Stone Soup version 0.20.0-15-g7f486f2 (webtiles) character file.

77 dartaniar the Sneak (level 4, 0/33 HPs)
             Began as a Vampire Assassin on June 16, 2017.
             Slain by Grinder (6 damage)
             ... while paralysed by Grinder
             ... on level 3 of the Dungeon.
             The game lasted 00:17:18 (2362 turns).

dartaniar the Sneak (Vampire Assassin)              Turns: 2362, Time: 00:17:19

Health: 0/33       AC:  4    Str: 10    XL:     4   Next: 14%
Magic:  4/4        EV:  2    Int: 13    God:
Gold:   195        SH:  0    Dex: 16    Spells: 3/3 levels left

rFire    . . .     SeeInvis +   b - +0 blowgun
rCold    . . .     Gourm    .   (no shield)
rNeg     + . .     Faith    .   c - +0 robe
rPois    .         Spirit   .   (no helmet)
rElec    .         Reflect  .   d - +1 cloak
rCorr    .         Harm     .   (no gloves)
MR       .....                  (no boots)
Stlth    ++++......             (no amulet)
Regen    0.2/turn               (no ring)
MPRegen  0.1/turn               (no ring)

@: paralysed
A: fangs 3, see invisible, unbreathing
a: Bat Form


You were on level 3 of the Dungeon.
You were not thirsty.

You visited 1 branch of the dungeon, and saw 3 of its levels.

You collected 195 gold pieces.

Inventory:

Hand Weapons
 a - a +3 dagger
 b - a +0 blowgun (weapon)
Missiles
 e - 4 poisoned needles (quivered)
 f - 2 curare-tipped needles
Armour
 c - a +0 robe (worn)
 d - a +1 cloak (worn)
 h - a +0 robe
Wands
 j - a wand of polymorph (13/24)
Scrolls
 i - 2 scrolls of recharging
Potions
 g - 21 potions of blood


   Skills:
 * Level 2.1 Fighting
 * Level 2.5 Short Blades
 + Level 1.8 Throwing
 * Level 2.1 Dodging
 * Level 7.4 Stealth


You had 3 spell levels left.
You didn't know any spells.

Dungeon Overview and Level Annotations

Branches:
Dungeon (3/15)

Altars:
Cheibriados
Ru
Sif Muna
Trog
Yredelemnul

Annotations:
D:3 Grinder


Innate Abilities, Weirdness & Mutations

You have razor-sharp teeth.
You have supernaturally acute eyesight. (SInv)
You can survive without breathing.


Message History

Grinder blinks!
You can move again.
Grinder blinks!
You start resting.
You start resting.
Grinder says, "FISH!"
Grinder blinks!
Grinder blinks!
Grinder gestures at you. You resist with significant effort.
You start resting.
Grinder gestures at you.
You suddenly lose the ability to move!
Grinder gestures at you. Pain shoots through your body!
* * * LOW HITPOINT WARNING * * *
Grinder gestures at you. You resist with significant effort. Grinder hits you.
You die...

#.......#
#.(###....#.#
#.......#
#.#(#.##.###ยง#
##.....###
#...<...## #.#
>.........#
###...##.# 5..
###.....#.#
##(## ## ###
#.....#.# #.#
###.###.# ###
#.# #.
#.###.####.##
..
#.##.#.@5...#
#.#
#.###.####.##
#.# #.# #.# #.#
#.####.## #.#
#.......#
#.########5##
#..........#
############


You could see Grinder.

Vanquished Creatures
  3 adders (D:2)
  A dart slug (D:1)
  3 leopard geckos
  2 giant cockroaches (D:1)
  6 goblins
  6 hobgoblins
  3 jackals (D:1)
  A quokka (D:1)
  2 ball pythons (D:1)
  6 bats
  A frilled lizard (D:2)
  4 kobolds
  9 rats
  A fungus (D:1)
48 creatures vanquished.

Vanquished Creatures (others)
  2 fungi (D:1)
2 creatures vanquished.

Grand Total: 50 creatures vanquished

Notes
Turn   | Place    | Note
-------+----------+-------------------------------------------
     0 | D:1      | dartaniar the Vampire Assassin began the quest for the Orb.
     0 | D:1      | Reached XP level 1. HP: 16/16 MP: 1/1
     7 | D:1      | Reached skill level 6 in Stealth
   123 | D:1      | Reached XP level 2. HP: 4/22 MP: 2/2
  1005 | D:1      | Reached XP level 3. HP: 14/27 MP: 3/3
  1466 | D:2      | Reached skill level 7 in Stealth
  1643 | D:2      | Found a basalt altar of Yredelemnul.
  1645 | D:2      | Found a bloodstained altar of Trog.
  1785 | D:2      | Reached XP level 4. HP: 33/33 MP: 4/4
  2172 | D:2      | Found a snail-covered altar of Cheibriados.
  2172 | D:2      | Found a deep blue altar of Sif Muna.
  2174 | D:2      | Found a sacrificial altar of Ru.
  2190 | D:3      | Noticed Grinder
  2327 | D:3      | Paralysed by Grinder for 4 turns
  2357 | D:3      | Paralysed by Grinder for 6 turns
  2362 | D:3      | Slain by Grinder

Skill      XL: |  1  2  3  4 |
---------------+-------------+-----
Stealth        | 6 7 |  7.4
Fighting       | 2 |  2.1
Dodging        | 2 |  2.1
Short Blades   | |  2.5
Throwing       | |  1.8

Action                   |  1- 3 |  4- 6 || total
-------------------------+-------+-------++-------
Melee: Dagger            |   122 |    38 ||   160
       Bite              |    12 |     2 ||    14
 Fire: Blowgun           |     7 |     4 ||    11
 Abil: End Transformatio |     1 |       ||     1
       Bat Form          |     1 |       ||     1
  Use: Potion            |     4 |     3 ||     7
       Scroll            |     3 |     1 ||     4
 Stab: Sleeping          |    18 |     1 ||    19
       Distracted        |     1 |       ||     1
Armor: Robe              |    30 |     7 ||    37
Dodge: Dodged            |    52 |    17 ||    69
